 Dungeon Crawl Stone Soup version 0.31-a0-426-g3a05650e59 (webtiles) character file.

Game seed: 8452297646398653751

46 shadowstone the Conjurer (level 3, 0/22 HPs)
             Began as a Gargoyle Reaver on July 30, 2023.
             Slain by a jackal (3 damage)
             ... on level 2 of the Dungeon.
             The game lasted 00:02:24 (710 turns).

shadowstone the Conjurer (Gargoyle Reaver)           Turns: 710, Time: 00:02:25

Health: 0/22       AC:  8    Str: 17    XL:     3   Next: 66%
Magic:  6/6        EV: 10    Int: 13    God:
Gold:   129        SH:  0    Dex:  8    Spells: 5/6 levels left

rFire   . . .        a - +0 falchion
rCold   . . .        (no shield)
rNeg    + . .        f - +0 ring mail
rPois   ∞            (no helmet)
rElec   +            (no cloak)
rCorr   .            (no gloves)
SInv    .            (no boots)
Will    .....        (no amulet) Stlth
                     (no ring)
HPRegen 0.23/turn    (no ring)
MPRegen 0.10/turn

%: no passive effects
@: no status effects
A: sickness immunity, AC +3, negative energy resistance 1, electricity
resistance, torment resistance 1, petrification resistance
a: no special abilities


You were on level 2 of the Dungeon.
You visited 1 branch of the dungeon, and saw 2 of its levels.

You collected 129 gold pieces.

Inventory:

Hand Weapons
 a - a +0 falchion (weapon)
Armour
 b - a +0 leather armour
 f - a +0 ring mail (worn)
Jewellery
 e - a ring of fire
Scrolls
 d - a scroll of poison {unknown}
 g - a scroll of identify {unknown}
 h - a scroll of fear {unknown}
Potions
 c - a potion of attraction {unknown}
 i - a potion of heal wounds {unknown}


   Skills:
 + Level 2.4 Fighting
 + Level 3.5 Long Blades
 + Level 0.2 Armour
 + Level 1.8 Dodging
 + Level 2.1 Spellcasting
 + Level 3.5 Conjurations


You had 5 spell levels left.
You knew the following spells:

 Your Spells              Type           Power      Damage    Failure   Level
a - Kiss of Death         Conj/Necr      20%        2d7       22%         1

Your spell library contained the following spells:

 Spells                   Type           Power      Damage    Failure   Level
 Momentum Strike          Conj/Tloc      10%        3d8       34%         2
 Hailstorm                Conj/Ice       5%         3d4       56%         3


Dungeon Overview and Level Annotations

Branches:
Dungeon (2/15)

Altars:


Innate Abilities, Weirdness & Mutations

You are immune to sickness and miasma.
Your stone body is resilient. (AC +3)
You are immune to poison.
You resist negative energy. (rN+)
You are resistant to electric shocks. (rElec)
You are resistant to unholy torment.
You are immune to petrification.


Message History

You barely miss the adder.
The adder is severely wounded.
The adder closely misses you.
The jackal bites you but does no damage. x2
You barely miss the adder.
The adder is severely wounded.
The adder barely misses you. The jackal bites you.
The jackal bites you but does no damage.
The adder bites you but does no damage.
The jackal bites you but does no damage. x2
You closely miss the adder.
The adder is severely wounded.
The adder barely misses you.
The jackal bites you but does no damage.
The jackal bites you. The adder bites you but does no damage.
The jackal closely misses you.
You hit the adder but do no damage. Your punch misses the adder.
The adder is severely wounded.
The jackal completely misses you. The jackal bites you.
The adder bites you but does no damage. The jackal barely misses you.
You hit the adder.
You kill the adder!
The jackal barely misses you.
The jackal bites you but does no damage. x2
The jackal barely misses you. x2
You closely miss the jackal. The jackal misses you.
The jackal bites you but does no damage. x2
You miss the jackal. The jackal barely misses you. The jackal bites you.
* * * LOW HITPOINT WARNING * * *
The jackal barely misses you.
The jackal bites you but does no damage. x3
You barely miss the jackal.
The jackal bites you but does no damage. x3
The jackal closely misses you.
You hit the jackal.
The jackal is severely wounded.
The jackal barely misses you. The jackal bites you.
* * * LOW HITPOINT WARNING * * *
The jackal bites you.
You die...

. .< ..# .##
.$.#
....######..$.#
#....@h......
#..?.hh.....#
....##.##.##..#
### #. ... # #.
##). .. .. ## .


You could see 3 jackals.

Vanquished Creatures
  An adder (D:2)
  3 dart slugs (D:1)
  A ball python (D:1)
  A bat (D:1)
  5 endoplasms (D:1)
  2 hobgoblins (D:1)
  3 kobolds (D:1)
  3 quokkas (D:1)
  2 frilled lizards (D:1)
  4 goblins (D:1)
  4 rats (D:1)
29 creatures vanquished.

Notes
Turn   | Place    | Note
-------+----------+-------------------------------------------
     0 | D:1      | shadowstone the Gargoyle Reaver began the quest for the
                  | Orb.
     0 | D:1      | Reached XP level 1. HP: 12/12 MP: 3/3
   122 | D:1      | Reached XP level 2. HP: 14/17 MP: 5/5
   426 | D:1      | Reached XP level 3. HP: 22/22 MP: 6/6
   710 | D:2      | Slain by a jackal

Illustrated notes

Levels and vault maps discovered:
D:1:      lightli_arrival_chessboard, layout_basic, minmay_pentomino_z2
D:2:      layout_rooms, uniq_terence

Skill      XL: |  1 |
---------------+----+-----
Long Blades    | 3 |  3.5
Fighting       | |  2.4
Armour         | |  0.2
Dodging        | |  1.8
Spellcasting   | |  2.1
Conjurations   | |  3.5

Action                     || total
---------------------------++-------
  Melee: Falchion          ||   115
         Punch             ||     1
 Armour: Leather armour    ||    18
         Ring mail         ||    95
  Dodge: Dodged            ||   125

Table legend: (Time is in decaauts)
 A = Elapsed time spent in this place.
 B = Non-inter-level travel time spent in this place.
 C = Inter-level travel time spent in this place.
 D = Time resting spent in this place.
 E = Time spent auto-exploring this place.
 F = Levels seen in this place.
 G = Mean time per level.
                   A        B        C        D        E       F      G
               +--------+--------+--------+--------+--------+-----+--------+
         Total |    724 |    720 |      4 |      0 |    234 |   2 |  362.0 |
       Dungeon |    724 |    720 |      4 |      0 |    234 |   2 |  362.0 |
               +--------+--------+--------+--------+--------+-----+--------+

Top non-repeatable levels by time:
     D:1: 689 daAuts
     D:2: 35 daAuts
